Map: 파라 사이트 - 래더

Players

Maru - Winner!

  • Race: Terran Terran
  • League: Master
  • Spawn Location: 5:00

lllllllllll (sOs)

  • Race: Protoss Protoss
  • League: Master
  • Spawn Location: 11:00

Event: IEM Season 13 - Katowice Server Qualifiers America

VOD

Have the link to the VOD?

Description

Time

  • Played on: Jan. 6, 2019, 8:21 p.m.
  • Length: 9:42

All games in this series

Show
View Real Time Build Order
Export as new Build Order

Maru Terran - Winner!

Build Orders: Gas First Reaper Expand 

Get SALT Encoding   

  12  0:00  SCV  
  13  0:12  SCV  
  14  0:16  Supply Depot  
  14  0:24  SCV  
  15  0:29  Refinery  
  15  0:38  SCV  
  16  0:43  Barracks  
  16  0:50  SCV  
  17  1:02  SCV  
  18  1:14  SCV  
  19  1:30  Reaper, Orbital Command  
  20  1:41  Command Center  
  20  1:53  Factory  
  20  1:56  SCV  
  21  2:07  Barracks Reactor  
  21  2:08  SCV  
  22  2:12  Supply Depot  
  22  2:16  Refinery  
  22  2:20  SCV  
  23  2:33  SCV  
  26  2:37  Hellion  
  26  2:43  Marine x2  
  28  2:49  SCV  
  29  2:54  Starport  
  29  2:55  Orbital Command  
  29  3:01  Marine x2, Widow Mine, SCV  
  34  3:13  SCV  
  34  3:19  Marine x2  
  37  3:21  SCV  
  37  3:25  SCV  
  39  3:33  SCV  
  39  3:34  Starport Tech Lab  
  39  3:35  Factory Tech Lab  
  39  3:37  Marine x2  
  41  3:42  SCV  
  41  3:45  SCV  
  41  3:46  Supply Depot  
  43  3:53  Raven  
  45  3:56  SCV  
  45  4:00  Supply Depot  
  46  4:08  SCV  
  49  4:13  Marine x2  
  49  4:14  Siege Tank  
  49  4:15  SCV  
  53  4:19  Command Center  
  53  4:20  SCV  
  54  4:26  Supply Depot  
  54  4:27  SCV  
  55  4:32  SCV  
  55  4:36  Marine x2  
  55  4:39  SCV  
  55  4:44  SCV  
  59  4:46  Siege Tank  
  62  4:58  SCV x2  
  61  5:02  Supply Depot  
  61  5:03  Refinery  
  61  5:05  Refinery  
  61  5:06  Barracks  
  61  5:09  Barracks  
  61  5:10  SCV x2  
  61  5:13  Engineering Bay x2  
  61  5:16  Marine  
  61  5:17  Starport Reactor, Stimpack  
  62  5:22  SCV x2  
  64  5:31  Barracks  
  64  5:32  Barracks  
  64  5:33  Factory Reactor  
  64  5:34  SCV x2  
  64  5:35  Orbital Command  
  66  5:41  Marine  
  67  5:46  SCV x2, Terran Infantry Weapons Level 1  
  67  5:47  Terran Infantry Armor Level 1  
  69  5:56  Marine x2  
  71  5:59  Marauder  
  71  6:01  Supply Depot  
  71  6:03  Supply Depot, Medivac x2  
  77  6:05  Marauder  
  77  6:10  Missile Turret  
  77  6:11  Widow Mine x2  
  83  6:14  Marine x2  
  85  6:19  Combat Shield, Supply Depot x2  
  85  6:21  Barracks Reactor  
  85  6:24  Barracks Tech Lab  
  85  6:29  Marauder x2  
  85  6:32  Marine x2  
  91  6:36  Orbital Command  
  91  6:42  Widow Mine  
  91  6:44  Widow Mine  
  93  6:50  Marine x2  
  93  6:51  Marauder x2  
  99  6:55  Supply Depot  
  99  6:56  Concussive Shells  
  99  6:59  Marine x2  
  99  7:00  Marine  
  101  7:03  Widow Mine  
  101  7:06  Widow Mine  
  101  7:07  Marine  
  101  7:08  Orbital Command  
  106  7:09  Medivac x2  
  106  7:10  Missile Turret  
  106  7:12  Marauder  
  112  7:16  Marauder  
  112  7:18  Supply Depot  
  111  7:27  Marine, Marauder  
  108  7:37  SCV  
  108  7:38  SCV  
  108  7:39  Medivac x2  
  108  7:42  Marine x2, Marauder  
  108  7:43  Marauder  
  120  7:44  SCV  
  120  7:49  Marauder, SCV  
  122  7:58  Marine  
  122  7:59  Marine  
  122  8:04  Marauder x2  
  123  8:07  Marine x2  
  123  8:10  Marauder  
  124  8:13  SCV  
  124  8:16  Marine  
  122  8:22  Marine  
  122  8:25  Marauder x2  
  126  8:28  Marine  
  126  8:32  Marauder  
  129  8:35  Medivac  
  129  8:36  Medivac  
  133  8:47  Marine x2, Marauder  
  137  9:05  Marine x2, Marauder  
  139  9:10  Marauder  
  109  9:19  Marine  
  109  9:20  Marauder  
Show
View Real Time Build Order
Export as new Build Order

lllllllllll Protoss 

Build Orders: 1 Gate Expand, Oracle Opening, Blink Stalkers 

Get SALT Encoding   

  12  0:00  Probe  
  13  0:12  Probe  
  14  0:17  Pylon  
  14  0:24  Probe  
  15  0:32  Assimilator  
  15  0:35  Probe  
  15  0:40  Gateway  
  16  0:43  Probe  
  17  0:51  Probe  
  18  1:03  Probe  
  19  1:15  Probe  
  20  1:20  Nexus  
  20  1:30  Cybernetics Core  
  20  1:33  Probe  
  20  1:38  Assimilator  
  21  1:45  Probe  
  22  1:48  Pylon  
  22  1:57  Probe, Adept  
  23  2:07  Warp Gate  
  25  2:09  Probe  
  25  2:15  Twilight Council  
  26  2:21  Probe  
  27  2:28  Sentry, Probe  
  27  2:29  Probe  
  29  2:30  Blink  
  29  2:36  Probe  
  31  2:37  Probe  
  33  2:46  Probe  
  33  2:48  Probe  
  35  2:59  Probe  
  35  3:00  Probe  
  35  3:02  Oracle  
  37  3:08  Gateway x2  
  37  3:11  Probe  
  38  3:15  Probe  
  38  3:17  Stalker  
  41  3:29  Pylon  
  40  3:38  Probe  
  39  3:48  Probe  
  40  3:50  Probe  
  41  4:00  Nexus  
  41  4:04  Probe x2  
  42  4:11  Stalker x3  
  48  4:20  Robotics Facility  
  48  4:21  Probe  
  48  4:23  Probe  
  50  4:30  Shield Battery  
  50  4:37  Probe x2  
  52  4:41  Shield Battery  
  50  4:46  Stalker x2  
  50  4:52  Charge  
  54  4:53  Pylon  
  54  5:03  Pylon  
  54  5:09  Probe x2  
  54  5:11  Observer, Probe  
  54  5:12  Forge  
  57  5:14  Forge  
  57  5:17  Probe x2  
  57  5:19  Probe  
  60  5:25  Probe x2  
  60  5:27  Protoss Ground Armor Level 1  
  60  5:28  Gateway x2  
  61  5:29  Probe  
  61  5:32  Protoss Ground Weapons Level 1  
  61  5:34  Gateway  
  64  5:36  Gateway  
  64  5:37  Probe x2  
  64  5:39  Observer  
  67  5:44  Gateway  
  67  5:49  Probe x2  
  69  5:52  Pylon  
  69  5:56  Probe  
  70  5:59  Stalker x2  
  70  6:04  Warp Prism  
  74  6:09  Pylon  
  76  6:12  Zealot  
  76  6:13  Probe  
  76  6:16  Pylon  
  79  6:21  Nexus  
  79  6:30  Observer, Zealot x4  
  87  6:41  Zealot x4  
  87  6:46  Pylon  
  95  6:48  Pylon  
  95  6:55  Observer  
  96  7:03  Zealot, Pylon  
  96  7:04  Pylon, Zealot x2, Stalker x3  
  96  7:06  Zealot  
  109  7:12  Pylon  
  109  7:14  Probe x2  
  104  7:32  Zealot x8  
  120  7:41  Observer  
  121  7:46  Probe x4  
  125  7:55  Stalker x2  
  125  7:56  Zealot x5  
  125  8:06  Warp Prism  
  123  8:14  Sentry  
  123  8:16  Observer, Probe x3  
  128  8:23  Zealot x5  
  128  8:24  Zealot x2  
  132  8:33  Observer  
  129  8:45  Zealot, Stalker x3  
  129  8:46  Zealot x4  
  145  8:50  Gateway  
  145  8:51  Gateway  
  145  8:58  Probe  
  146  9:06  Zealot x5  
  148  9:10  Stalker x3  
  80  9:28  Zealot x5  
  84  9:36  Zealot x3  

Tags
 
Add a new tag
Caveats
  • Supply blocks, unpowered buildings, or Contaminate may cause inaccurate times.
  • Supply counts are checked every 10 seconds.